Map: 16-Bit LE

Players

Kippe

  • Race: Zerg Zerg
  • League: Diamond
  • Spawn Location: 1:00

Isszul - Winner!

  • Race: Zerg Zerg
  • Spawn Location: 7:00

VOD

Have the link to the VOD?

Description

Time

  • Played on: Aug. 11, 2018, 3:29 a.m.
  • Length: 11:27
Show
View Real Time Build Order
Export as new Build Order

Kippe Zerg 

Build Orders: Hatch First 

Get SALT Encoding   

  12  0:01  Drone  
  13  0:13  Overlord  
  13  0:23  Drone  
  14  0:31  Drone x2  
  16  0:43  Drone  
  17  0:56  Hatchery  
  16  1:00  Drone  
  17  1:05  Drone  
  17  1:10  Drone  
  19  1:20  Spawning Pool  
  19  1:25  Drone  
  19  1:29  Drone  
  19  1:32  Extractor  
  19  1:39  Overlord  
  19  1:59  Drone  
  20  2:08  Queen x2  
  22  2:11  Zergling x4  
  26  2:30  Zergling x2, Drone  
  26  2:31  Zergling x2  
  26  2:32  Metabolic Boost  
  26  2:34  Drone  
  26  2:35  Drone  
  31  2:44  Drone  
  32  2:55  Overlord  
  32  2:58  Queen  
  34  3:08  Overlord  
  34  3:09  Overlord  
  34  3:18  Zergling x4  
  36  3:27  Zergling x6  
  38  3:33  Overlord  
  39  3:34  Zergling x4  
  39  3:35  Zergling x4  
  39  3:40  Zergling x4  
  46  3:48  Zergling x8  
  46  3:49  Zergling x2  
  50  3:58  Zergling x2  
  51  4:03  Zergling x8  
  42  4:34  Zergling x10  
  42  4:35  Zergling x4  
  46  4:47  Drone x2  
  46  4:49  Lair  
  47  4:58  Roach Warren  
  40  5:26  Drone  
  40  5:27  Drone x8  
  44  5:38  Drone  
  44  5:39  Drone  
  44  5:48  Evolution Chamber x2  
  40  5:52  Drone x2  
  40  5:53  Extractor  
  41  6:00  Glial Reconstitution  
  41  6:03  Roach x2  
  45  6:14  Zerg Ground Armor Level 1, Zerg Missile Weapons Level 1  
  45  6:20  Roach x3, Extractor  
  45  6:21  Roach  
  50  7:00  Roach x3  
  50  7:01  Roach x3, Queen x2  
  57  7:09  Spine Crawler  
  56  7:18  Drone x4  
  56  7:19  Overlord x5  
  54  7:37  Drone  
  54  7:38  Drone x2  
  57  7:46  Extractor  
  57  7:51  Drone x2  
  58  8:07  Hatchery  
  51  8:34  Roach x4  
  51  8:35  Roach x7  
  51  8:36  Roach  
  63  8:55  Drone x2  
  63  8:56  Drone x3  
  64  9:04  Drone x2  
  64  9:05  Drone x2  
  68  9:10  Drone x2  
  70  9:32  Roach x4  
  70  9:33  Roach  
  70  9:37  Roach x2  
  84  9:52  Burrow  
  84  9:57  Tunneling Claws  
  84  10:02  Drone x3  
  87  10:13  Drone x2  
  87  10:14  Drone x3  
  92  10:34  Roach x5  
  92  10:35  Roach  
  102  10:41  Ravager x4  
  106  10:44  Overlord x2  
  90  11:07  Roach x8  
  90  11:08  Roach  
Show
View Real Time Build Order
Export as new Build Order

Isszul Zerg - Winner!

Build Orders: Hatch First 

Get SALT Encoding   

  12  0:01  Drone  
  13  0:13  Overlord  
  13  0:19  Drone  
  14  0:32  Drone x2  
  16  0:36  Drone  
  17  0:54  Hatchery  
  16  0:57  Drone  
  16  1:00  Drone  
  18  1:11  Extractor  
  18  1:16  Spawning Pool  
  16  1:18  Drone  
  16  1:22  Drone  
  18  1:29  Drone  
  19  1:45  Overlord  
  19  1:55  Drone  
  20  2:03  Zergling x2  
  20  2:06  Zergling x2  
  20  2:08  Queen x2  
  22  2:13  Drone  
  22  2:15  Metabolic Boost  
  27  2:17  Zergling x2  
  28  2:29  Drone x2  
  30  2:33  Drone  
  31  2:39  Drone  
  32  2:44  Drone  
  32  2:50  Drone  
  34  2:54  Baneling Nest  
  33  3:00  Drone  
  33  3:01  Drone  
  34  3:06  Drone  
  34  3:12  Overlord  
  35  3:15  Hatchery  
  35  3:18  Drone  
  35  3:22  Zergling x2, Extractor x2  
  35  3:23  Zergling x4  
  38  3:27  Overlord  
  38  3:32  Overlord  
  38  3:35  Drone  
  38  3:37  Baneling  
  38  3:38  Baneling x3  
  39  3:46  Drone  
  39  3:47  Drone x4  
  44  3:50  Extractor  
  44  3:51  Extractor  
  44  3:58  Drone x2  
  46  4:04  Zergling x6  
  49  4:12  Evolution Chamber  
  46  4:23  Drone x2  
  46  4:24  Drone x4  
  49  4:36  Zergling x4  
  49  4:37  Zergling x2  
  50  4:43  Zergling x6  
  48  4:52  Baneling  
  44  4:53  Zergling x6  
  45  5:02  Zergling x4  
  45  5:05  Zergling x2  
  44  5:10  Zergling x2  
  45  5:17  Zergling x2  
  45  5:18  Zergling x2  
  46  5:23  Zergling x4  
  46  5:25  Zergling x2  
  44  5:33  Zergling x4  
  44  5:34  Queen x3  
  50  5:41  Zergling x2  
  50  5:42  Baneling  
  50  5:46  Baneling  
  50  5:47  Zergling x6  
  52  5:52  Zerg Melee Weapons Level 1  
  52  5:56  Spine Crawler  
  51  5:57  Baneling x3  
  51  5:58  Baneling  
  51  6:01  Evolution Chamber  
  51  6:02  Drone  
  51  6:03  Drone x2  
  53  6:09  Extractor  
  52  6:14  Lair  
  52  6:16  Roach Warren, Drone x3  
  52  6:17  Drone x2  
  56  6:21  Drone  
  57  6:33  Drone x3  
  57  6:37  Drone  
  57  6:38  Drone  
  61  7:00  Drone x2  
  61  7:01  Drone x6  
  66  7:13  Baneling x2  
  64  7:20  Drone  
  64  7:21  Drone  
  65  7:24  Glial Reconstitution, Zerg Ground Armor Level 1  
  65  7:26  Roach  
  64  7:31  Roach  
  64  7:33  Overlord x3  
  64  7:34  Overlord, Extractor  
  64  7:36  Extractor  
  66  7:37  Roach, Overlord  
  66  7:41  Extractor  
  66  7:42  Extractor  
  66  7:43  Roach  
  66  7:46  Overlord x2  
  66  7:53  Roach x2  
  70  8:00  Roach x4  
  70  8:03  Hatchery  
  76  8:07  Spine Crawler  
  76  8:09  Roach x2  
  76  8:11  Spine Crawler  
  74  8:23  Roach  
  74  8:24  Roach x2  
  72  8:36  Roach x3  
  72  8:44  Roach x2  
  74  8:50  Roach  
  72  8:56  Roach  
  72  8:58  Queen  
  76  9:11  Drone  
  76  9:14  Roach  
  76  9:15  Roach x4  
  87  9:21  Drone x2  
  87  9:22  Drone x2  
  91  9:28  Roach x4  
  99  9:37  Ravager  
  99  9:38  Roach x5  
  110  9:39  Roach  
  112  9:46  Roach x3  
  112  9:47  Roach x2  
  112  9:48  Hatchery  
  121  9:55  Roach, Hydralisk Den  
  122  10:03  Overlord x3  
  122  10:08  Infestation Pit  
  122  10:10  Hatchery, Drone  
  122  10:13  Overlord x2  
  121  10:15  Hatchery  
  121  10:16  Ravager x2  
  121  10:19  Overlord x3  
  122  10:23  Overlord  
  122  10:24  Overlord x2  
  122  10:27  Hatchery  
  121  10:43  Roach x3  
  121  10:44  Roach x4  
  121  10:46  Ravager x3  
  121  10:48  Ravager  
  121  10:49  Ravager  
  140  10:54  Roach x2  
  126  11:07  Roach  
  126  11:08  Roach x2  
Tags
 
League
Diamond
Matchup
ZvZ
Race
Zerg
Spawn Locations
Cross Positions
Add a new tag
Caveats
  • Supply blocks, unpowered buildings, or Contaminate may cause inaccurate times.
  • Supply counts are checked every 10 seconds.